 Dungeon Crawl Stone Soup version 0.31-a0-925-g0a390f2509 (webtiles) character file.

Game seed: 9488270535706011456

242135 javelincjr the Warrior (level 18, -14/174 HPs)
             Began as a Demonspawn Gladiator on Oct 18, 2023.
             Was the Champion of Qazlal.
             Demolished by a rockslime (17 damage)
             ... created by the Royal Jelly
             ... on level 5 of the Pits of Slime.
             The game lasted 02:19:58 (28728 turns).

javelincjr the Warrior (Demonspawn Gladiator)      Turns: 28728, Time: 02:19:58

Health: -14/174    AC: 20    Str: 20      XL:     18   Next: 67%
Magic:  0/37       EV: 20    Int:  7 (9)  God:    Qazlal [******]
Gold:   1492       SH: 29    Dex: 16 (19) Spells: 17/17 levels left

rFire   + + .        f - +8 mithril axe "Arga" {speed, Will+}
rCold   + . .        J - +0 tower shield
rNeg    . . .        Q - +0 plate armour of the Tarantula {Str+4}
rPois   +            (helmet unavailable)
rElec   +            Z - scarf of the True Pharaoh {repulsion, rF+ rC+ Int+3}
rCorr   +            b - +0 pair of gloves of the Gnashing Gods {rPois rCorr}
SInv    .            M - -1 pair of boots "Qoupn" {rElec}
Will    ++...        R - amulet of guardian spirit
Stlth   x              - ring "Veitoch" {rPois rF+ MP+9 Slay+3}
HPRegen 0.49/turn    B - +5 ring of evasion
MPRegen 0.25/turn

%: random rage (3%), repel missiles, guardian spirit
@: mighty, agile, protected from physical damage, corroded, hasted, very quick
A: horns 3, slimy green scales 2, icemail 2, powered by pain 2, robust 1,
condensation shield, agile 1, berserk 1, deformed body, deterioration 2, dopey
2, shaggy fur 1, weak 2, inability to read after injury 1, devolution 1
}: 2/15 runes: serpentine, barnacled
a: Renounce Religion, Upheaval, Elemental Force, Disaster Area


You were on level 5 of the Pits of Slime.
You worshipped Qazlal.
Qazlal was exalted by your worship.
You visited 6 branches of the dungeon, and saw 29 of its levels.

You collected 1729 gold pieces.
You spent 237 gold pieces at shops.

Inventory:

Hand Weapons
 f - the +8 mithril axe "Arga" (weapon) {speed, Will+}
   (You acquired it on level 3 of the Lair of Beasts)

   Will+:     It increases your willpower.
 l - a +3 spectral battleaxe
 V - the +6 arbalest "Gaix" {drain, Int+3 Stlth+}
   (You bought it in a shop on level 2 of the Snake Pit)

   Int+3:     It affects your intelligence (+3).
   Stlth+:    It makes you more stealthy.
 W - the +5 mace of the Magic Mushroom {vamp, rF++}
   (You found it on level 9 of the Dungeon)

   rF++:      It greatly protects you from fire.
Missiles
 d - 9 throwing nets (quivered)
 w - 16 silver javelins
 C - 31 poisoned darts
Armour
 b - the +0 pair of gloves of the Gnashing Gods (worn) {rPois rCorr}
   (You found it on level 1 of the Lair of Beasts)

   rPois:     It protects you from poison rCorr: It protects you from acid and
   corrosion.
 g - +0 pearl dragon scales
 t - a +2 plate armour
 J - a +0 tower shield (worn)
 M - the -1 pair of boots "Qoupn" (worn) {rElec}
   (You found it on level 4 of the Shoals)

   rElec:     It insulates you from electricity.
 N - the +4 hat of Unambiguity {Harm SInv}
   (You found it on level 3 of the Lair of Beasts)

   SInv:      It lets you see invisible.
   Harm:      It increases damage dealt and taken.
 P - a +2 pair of gloves
 Q - the +0 plate armour of the Tarantula (worn) {Str+4}
   (You found it on level 4 of the Lair of Beasts)

   Str+4:     It affects your strength (+4).
 Z - the scarf of the True Pharaoh (worn) {repulsion, rF+ rC+ Int+3}
   (You found it on level 1 of the Lair of Beasts)

   Int+3:     It affects your intelligence (+3).
   rF+:       It protects you from fire.
   rC+:       It protects you from cold.
Jewellery
 c - a +6 ring of strength
 e - a +4 ring of protection
 j - a ring of see invisible
 o - a ring of protection from fire
 x - the ring "Veitoch" (left hand) {rPois rF+ MP+9 Slay+3}
   (You found it on level 3 of the Dungeon)

   [ring of protection from fire]

   Slay+3:    It affects your accuracy & damage with ranged weapons and melee
   (+3).
   rF+:       It protects you from fire.
   rPois:     It protects you from poison MP+9: It affects your magic capacity
   (+9).
 B - a +5 ring of evasion (right hand)
 R - an amulet of guardian spirit (around neck)
Wands
 D - a wand of flame (25)
 G - a wand of acid (5)
 K - a wand of roots (18)
 T - a wand of digging (3)
Scrolls
 h - 6 scrolls of revelation
 i - 10 scrolls of teleportation
 r - a scroll of blinking
 s - 2 scrolls of brand weapon
 u - 3 scrolls of poison
 y - 3 scrolls of immolation
 F - a scroll of acquirement
 L - 2 scrolls of torment
 O - 2 scrolls of silence
 X - 11 scrolls of identify
 Y - 2 scrolls of fear
Potions
 k - a potion of magic
 m - 2 potions of haste
 n - 3 potions of might
 p - 5 potions of enlightenment
 q - a potion of cancellation
 z - 3 potions of lignification
 A - 3 potions of heal wounds
 E - 3 potions of berserk rage
 H - 5 potions of curing
 I - 5 potions of resistance
 U - a potion of ambrosia
Miscellaneous
 a - a phantom mirror
 v - a sack of spiders (inert)
 S - a phial of floods


   Skills:
 * Level 18.9 Fighting
 + Level 15.3(15.4) Axes
 - Level 3.0(10.4) Polearms
 - Level 1.7 Throwing
 + Level 13.2 Armour
 + Level 13.3 Dodging
 + Level 10.1 Shields
 - Level 14.3 Invocations
 + Level 6.2 Evocations


You had 17 spell levels left.
You didn't know any spells.
Your spell library contained the following spells:

 Spells                   Type           Power      Damage    Failure   Level
 Apportation              Tloc           0%         N/A       100%        1
 Magic Dart               Conj           0%         1d3       100%        1
 Sting                    Tmut/Pois      0%         1d3       100%        1
 Cigotuvi's Dreadful Rot  Necr/Pois/Air  0%         N/A       100%        2
 Ensorcelled Hibernation  Hex/Ice        0%         N/A       100%        2
 Jinxbite                 Hex            0%         N/A       100%        2
 Passwall                 Tmut/Erth      0%         N/A       100%        2
 Poisonous Vapours        Pois/Air       0%         N/A       100%        2
 Searing Ray              Conj           0%         2d4       100%        2
 Dazzling Flash           Conj/Hex       0%         N/A       100%        3
 Frozen Ramparts          Ice            0%         1d1       100%        3
 Ignite Poison            Fire/Tmut/Pois 0%         N/A       100%        3
 Mephitic Cloud           Conj/Pois/Air  0%         N/A       100%        3
 Ozocubu's Armour         Ice            0%         N/A       100%        3
 Volatile Blastmotes      Fire/Tloc      0%         2d10      100%        3
 Anguish                  Hex/Necr       0%         N/A       100%        4
 Fulminant Prism          Conj/Hex       0%         3d5       100%        4
 Iskenderun's Mystic Bla  Conj/Tloc      0%         2d3       100%        4
 Manifold Assault         Tloc           0%         N/A       100%        4
 Olgreb's Toxic Radiance  Pois           0%         N/A       100%        4
 Petrify                  Tmut/Erth      0%         N/A       100%        4
 Alistair's Intoxication  Tmut/Pois      0%         N/A       100%        5
 Freezing Cloud           Conj/Ice/Air   0%         6-21      100%        5
 Irradiate                Conj/Tmut      0%         3d11      100%        5
 Metabolic Englaciation   Hex/Ice        0%         N/A       100%        5
 Dispersal                Tloc           0%         N/A       100%        6
 Starburst                Conj/Fire      0%         6d3       100%        6
 Haunt                    Necr/Summ      0%         N/A       100%        7
 Ozocubu's Refrigeration  Ice            0%         4d7       100%        7
 Borgnjor's Revivificati  Necr           0%         N/A       100%        8
 Discord                  Hex            0%         N/A       100%        8
 Disjunction              Tloc           0%         N/A       100%        8
 Ignition                 Fire           0%         3d3       100%        8
 Maxwell's Capacitive Co  Air            0%         ∞         100%        8
 Death's Door             Necr           0%         N/A       100%        9


Dungeon Overview and Level Annotations

Branches:
Dungeon (10/15)            Temple (1/1) D:4            Lair (5/5) D:9
 Shoals (4/4) Lair:3        Snake (4/4) Lair:2        Slime (5/5) Lair:5
    Orc: D:9-12

Altars:
Ashenzari
Cheibriados
Dithmenos
Fedhas
Gozag
Hepliaklqana
Kikubaaqudgha
Makhleb
Nemelex Xobeh
Okawaru
Qazlal
Ru
Sif Muna
Trog
Uskayaw
Vehumet
Wu Jian
Xom
Yredelemnul
Jiyva

Shops:
Snake:2 (=(   Snake:4 :**

Annotations:
Lair:5 2 runed translucent doors
Shoals:1 2 transporters, Zyonedgh's ghost, adept DsMo
Slime:5 Royal Jelly


Innate Abilities, Weirdness & Mutations

You have a pair of large horns on your head.
You are mostly covered in slimy green scales. (AC +3)
A meltable icy envelope protects you from harm. (AC +8)
You sometimes gain power by taking damage.
You are robust. (+10% HP)
A meltable shield of frost defends you. (SH +4)
You are agile. (Dex +4, Str/Int -1)
You sometimes lose your temper in combat.
Armour fits poorly on your strangely shaped body.
Your body often deteriorates upon taking damage.
You are very dopey. (Int -4)
You are covered in fur. (AC +1)
You are very weak. (Str -4)
You occasionally lose the ability to read scrolls when taking damage.
You have hidden genetic defects.


Message History

You slice the Royal Jelly!!
Your hands burn!
You headbutt the Royal Jelly.
The Royal Jelly is heavily wounded.
You slash the rockslime! You slash the acid blob!
Your hands burn!
You slash the azure jelly! You slice the acid blob!!
Your hands burn!
You hit the rockslime but do no damage. You slash the acid blob!
The acid corrodes you!
Your hands burn!
You hit the rockslime but do no damage.
The Royal Jelly shudders.
The Royal Jelly spits out another jelly.
The quicksilver ooze hits your scorpion.
The quicksilver ooze hits your scorpion but does no damage.
Your scorpion is engulfed in freezing vapours.
You kill your scorpion!
Your scorpion's corpse disappears in a puff of smoke!
You block the azure jelly's attack.
The azure jelly hits you but does no damage.
The azure jelly hits you. The azure jelly completely misses you.
You block the rockslime's attack. The rockslime misses you.
The rockslime closely misses you. The acid blob hits you!!
You focus on the pain.
You feel agile all of a sudden.
You are splashed with acid.
You resist.
The quicksilver ooze is engulfed in freezing vapours.
The acid blob is engulfed in a thunderstorm.
You block the acid blob's attack.
The Royal Jelly is engulfed in blazing flames.
The Royal Jelly hits you!!
You are splashed with acid.
You resist.
The Royal Jelly shudders.
The Royal Jelly spits out another jelly.
You block the Royal Jelly's attack. The rockslime hits you!!
* * * LOW HITPOINT WARNING * * *
You focus on the pain.
You feel mightier all of a sudden.
You hold your ground!
The rockslime is engulfed in freezing vapours.
The rockslime hits you!!
* * * LOW HITPOINT WARNING * * *
Your body deteriorates!
You feel dopey.
You feel protected from physical attacks.
You hold your ground!
The rockslime hits you!
You die...

# ### ..### ....####
##### .......######
#####
............#########
...............JJJ###
..............JJ@J###
..............JJJJ#
..............JJJJ#
................JJ#
..................##
...................#
...................#
###................#
.............#


You could see the Royal Jelly, 5 acid blobs, an azure jelly, 5 rockslimes and 4
quicksilver oozes.

Vanquished Creatures
  Vashnia (Snake:4)
  11 acid blobs
  Polyphemus (Shoals:3)
  4 krakens
  Aizul (Snake:1)
  9 azure jellies
  A daeva (Shoals:4)
  5 nagarajas (Snake:4)
  6 rockslimes
  8 formless jellyfish
  3 quicksilver oozes
  19 merfolk javelineers
  20 merfolk impalers
  Josephine (Lair:5)
  3 hydras
  2 merfolk avatars
  A salamander tyrant (Snake:4)
  4 alligator snapping turtles
  A centaur warrior (Shoals:2)
  Erica (D:10)
  A two-headed ogre (D:9)
  6 merfolk aquamancers
  6 anacondas
  A catoblepas (Shoals:4)
  11 death yaks
  3 satyrs
  A boulder beetle (Lair:1)
  17 naga warriors
  A holy swine (Shoals:3)
  Nergalle (Lair:2)
  21 naga sharpshooters
  4 shock serpents
  6 skysharks
  4 salamander mystics
  2 fire crabs (Lair:3)
  4 sea snakes
  3 cherubim
  A lindwurm (Lair:5)
  5 naga ritualists
  21 harpies
  12 mana vipers
  6 shining eyes
  11 salamanders
  7 fauns (Shoals:3)
  4 cyclopes
  10 merfolk sirens
  12 manticores
  2 guardian serpents (Snake:3)
  22 black mambas
  6 water nymphs
  The ghost of deremet the Chopper, a novice HORe (D:6)
  Joseph (D:7)
  4 eyes of devastation
  24 naga magi
  A torpor snail (Lair:4)
  An unseen horror (D:10)
  3 molten gargoyles (Lair:5)
  9 cane toads
  4 rime drakes
  7 komodo dragons
  5 wind drakes
  A polar bear (Lair:4)
  54 merfolk
  A troll (D:10)
  Prince Ribbit (D:5)
  20 blink frogs
  8 dream sheep
  Sigmund (D:2)
  4 snapping turtles
  59 slime creatures
  A shadow (D:9)
  14 wyverns
  7 water elementals
  4 wraiths (Lair:5)
  2 fire elementals (Lair:3)
  A fire bat (Lair:3)
  5 basilisks
  25 yaks
  5 steam dragons
  23 golden eyes
  35 nagas
  An acid dragon (D:9)
  7 hell hounds
  18 water moccasins
  4 orc warriors
  3 sky beasts
  2 ice beasts
  4 black bears
  2 centaurs (D:9)
  The ghost of Demosthentine the Poker, an amateur DsGl (D:3)
  6 wolves
  3 ogres
  A phantom (D:5)
  Blork the orc (D:5)
  A kobold brigand (D:4)
  18 bullfrogs
  3 gnoll sergeants
  3 scorpions
  10 wights
  An electric eel (Lair:4)
  4 howler monkeys
  6 hounds
  5 lava snakes (Lair:5)
  3 gnoll boudas
  11 jellies
  4 orc priests
  5 orc wizards
  An iguana (D:6)
  22 gnolls
  13 adders
  A white imp (D:6)
  2 ufetubi (D:7)
  2 worms
  2 dart slugs
  27 orcs
  14 ball pythons
  10 endoplasms
  5 giant cockroaches (D:2)
  7 goblins
  10 hobgoblins
  2 jackals (D:1)
  2 quokkas (D:1)
  4 bats
  2 frilled lizards (D:1)
  6 kobolds
  4 rats
  11 tentacles
918 creatures vanquished.

Vanquished Creatures (collateral kills)
  A merfolk avatar (Shoals:4)
  A merfolk aquamancer (Shoals:4)
  A sea snake (Shoals:4)
  A manticore (Shoals:4)
  A cyclops (Shoals:4)
  A merfolk (Shoals:4)
6 creatures vanquished.

Vanquished Creatures (others)
  A merfolk siren (Shoals:4)
  A merfolk (Shoals:3)
  A naga (Snake:3)
  3 spectral weapons
  30 tentacles
36 creatures vanquished.

Grand Total: 960 creatures vanquished

Notes
Turn   | Place    | Note
-------+----------+-------------------------------------------
     0 | D:1      | javelincjr the Demonspawn Gladiator began the quest for the
                  | Orb.
     0 | D:1      | Reached XP level 1. HP: 16/16 MP: 1/1
   263 | D:1      | Gained mutation: A meltable shield of frost defends you.
                  | (SH +4) [demonic ancestry]
   263 | D:1      | Reached XP level 2. HP: 22/22 MP: 2/2
   694 | D:1      | Reached skill level 1 in Armour
   900 | D:2      | Reached XP level 3. HP: 28/28 MP: 3/3
  1328 | D:2      | Gained mutation: You sometimes gain a little power by
                  | taking damage. [demonic ancestry]
  1328 | D:2      | Reached XP level 4. HP: 31/34 MP: 4/4
  1541 | D:2      | Noticed Sigmund
  1550 | D:2      | Killed Sigmund
  1551 | D:2      | Reached skill level 3 in Fighting
  1551 | D:2      | Reached skill level 1 in Axes
  1551 | D:2      | Gained mutation: A meltable icy envelope protects you from
                  | harm. (AC +8) [demonic ancestry]
  1551 | D:2      | Reached XP level 5. HP: 10/41 MP: 5/5
  1697 | D:2      | Gained mutation: A meltable icy envelope protects you from
                  | harm. (AC +8) [demonic ancestry]
  1697 | D:2      | Reached XP level 6. HP: 46/47 MP: 6/6
  1967 | D:3      | Found a runed translucent door.
  1967 | D:3      | Noticed Demosthentine's ghost (amateur DsGl)
  2368 | D:3      | Identified the ring "Veitoch" {rPois rF+ MP+9 Slay+3}
  2996 | D:3      | Killed Demosthentine's ghost
  3219 | D:4      | Found a staircase to the Ecumenical Temple.
  3285 | Temple   | Entered the Ecumenical Temple
  3301 | Temple   | Became a worshipper of Qazlal Stormbringer
  3373 | D:4      | Reached skill level 4 in Fighting
  3546 | D:4      | Reached XP level 7. HP: 54/54 MP: 7/7
  4192 | D:5      | Entered Level 5 of the Dungeon
  4517 | D:5      | Noticed Prince Ribbit
  4551 | D:5      | Killed Prince Ribbit
  4552 | D:5      | Reached skill level 5 in Fighting
  4552 | D:5      | Reached skill level 5 in Dodging
  4552 | D:5      | Gained mutation: You sometimes gain power by taking damage.
                  | [demonic ancestry]
  4552 | D:5      | Reached XP level 8. HP: 18/62 MP: 8/8
  5073 | D:5      | Noticed Blork the orc
  5078 | D:5      | Killed Blork the orc
  5283 | D:6      | Reached * piety under Qazlal
  5358 | D:6      | Reached skill level 6 in Fighting
  5358 | D:6      | Reached skill level 5 in Armour
  5365 | D:6      | Gained mutation: You are partially covered in slimy green
                  | scales. (AC +2) [demonic ancestry]
  5365 | D:6      | Reached XP level 9. HP: 65/69 MP: 9/9
  5422 | D:6      | Reached skill level 5 in Axes
  5862 | D:6      | Found a runed translucent gate.
  5862 | D:6      | Found a runed translucent gate.
  5862 | D:6      | Found a runed translucent gate.
  5864 | D:6      | Noticed deremet's ghost (novice HORe)
  5880 | D:6      | Killed deremet's ghost
  5881 | D:6      | Reached skill level 1 in Invocations
  6066 | D:7      | Reached skill level 7 in Fighting
  6511 | D:7      | Noticed Joseph
  6519 | D:7      | Killed Joseph
  6811 | D:7      | Found a blossoming altar of Fedhas.
  7171 | D:8      | Found a sparkling altar of Nemelex Xobeh.
  7229 | D:8      | Gained mutation: You have a pair of small horns on your
                  | head. [demonic ancestry]
  7229 | D:8      | Reached XP level 10. HP: 78/80 MP: 12/12
  7266 | D:8      | Reached ** piety under Qazlal
  7661 | D:8      | Found a hazy altar of Hepliaklqana.
  7710 | D:8      | Reached skill level 8 in Fighting
  7971 | D:9      | Found a staircase to the Lair.
  8242 | D:9      | Noticed a two-headed ogre
  8256 | D:9      | Killed a two-headed ogre
  8257 | D:9      | Reached skill level 9 in Fighting
  8257 | D:9      | Reached skill level 5 in Invocations
  8350 | D:9      | Found a shimmering altar of Xom.
  8351 | D:9      | Found a shimmering blue altar of Sif Muna.
  8598 | D:9      | Identified the +5 mace of the Magic Mushroom {vamp, rF++}
  8669 | D:9      | Reached *** piety under Qazlal
  8740 | D:10     | Entered Level 10 of the Dungeon
  8930 | D:10     | Noticed Erica
  8942 | D:10     | Killed Erica
  8943 | D:10     | Reached XP level 11. HP: 66/89 MP: 15/15
  9473 | Gauntlet | Identified the "Xeidduam"
  9473 | Lair:1   | Entered Level 1 of the Lair of Beasts
  9473 | Lair:1   | Noticed a boulder beetle
  9476 | Lair:1   | Reached skill level 10 in Fighting
  9484 | Lair:1   | Killed a boulder beetle
  9797 | Lair:1   | Identified the scarf of the True Pharaoh {repulsion, rF+
                  | rC+ Int+3}
  9978 | Lair:1   | Identified the +0 pair of gloves of the Gnashing Gods
                  | {rPois rCorr}
 10060 | Lair:1   | Reached **** piety under Qazlal
 10106 | Lair:1   | Reached skill level 11 in Fighting
 10727 | Lair:2   | Noticed Nergalle
 10741 | Lair:2   | Killed Nergalle
 10742 | Lair:2   | Reached XP level 12. HP: 78/100 MP: 18/18
 10822 | Lair:2   | Found a staircase to the Snake Pit.
 12020 | Lair:3   | Identified 2 scrolls of acquirement
 12020 | Lair:3   | Acquired a manual of Axes
 12022 | Lair:3   | Acquired the +8 mithril axe "Arga" {speed, Will+}
 12022 | Lair:3   | Found the +8 mithril axe "Arga" {speed, Will+}
 12078 | Lair:3   | Noticed a seven-headed hydra
 12089 | Lair:3   | Killed a seven-headed hydra
 12090 | Lair:3   | Reached skill level 12 in Fighting
 12292 | Lair:3   | Found a staircase to the Shoals.
 12329 | Lair:3   | Reached skill level 1 in Shields
 12524 | Lair:3   | Found a transporter.
 12682 | Lair:3   | Reached ***** piety under Qazlal
 12880 | Lair:3   | Found a transporter.
 13219 | Lair:3   | Gained mutation: You have a pair of horns on your head.
                  | [demonic ancestry]
 13219 | Lair:3   | Reached XP level 13. HP: 64/109 MP: 20/20
 13223 | Lair:3   | Identified the +0 leather armour of Bumn {Harm rElec rPois}
 13227 | Lair:3   | Identified the +4 hat of Unambiguity {Harm SInv}
 13713 | Lair:4   | Reached skill level 10 in Invocations
 13745 | Lair:4   | Identified the +0 plate armour of the Tarantula {Str+4}
 14256 | Lair:5   | Entered Level 5 of the Lair of Beasts
 14281 | Lair:5   | Reached skill level 13 in Fighting
 14350 | Lair:5   | Reached skill level 10 in Axes
 14488 | Lair:5   | Noticed Josephine
 14496 | Lair:5   | Killed Josephine
 14761 | Lair:5   | Found a large runed translucent door.
 14761 | Lair:5   | Noticed a fire dragon
 14795 | Lair:5   | Reached skill level 10 in Dodging
 14877 | Lair:5   | Found a large runed translucent door.
 15087 | Lair:5   | Found a viscous altar of Jiyva.
 15087 | Lair:5   | Found a staircase to the Slime Pits.
 15398 | Snake:1  | Entered Level 1 of the Snake Pit
 15638 | Snake:1  | Reached XP level 14. HP: 119/119 MP: 22/22
 16079 | Snake:1  | Noticed Aizul
 16092 | Snake:1  | Killed Aizul
 16312 | Snake:1  | You fall into a shaft and drop 1 floor!
 16432 | Snake:2  | Reached skill level 14 in Fighting
 16576 | Snake:2  | Reached skill level 10 in Armour
 16769 | Snake:2  | Reached skill level 5 in Shields
 16794 | Snake:1  | Gained mutation: Your mind is acute. (Int +4, Str/Dex -1)
                  | [potion of mutation]
 16795 | Snake:1  | Lost mutation: Your mind is acute. (Int +4, Str/Dex -1)
                  | [potion of mutation]
 16795 | Snake:1  | Gained mutation: You are dopey. (Int -2) [potion of
                  | mutation]
 16795 | Snake:1  | Gained mutation: You are agile. (Dex +4, Str/Int -1)
                  | [potion of mutation]
 17386 | Snake:2  | Found Ujeqorr's Antique Weapon Emporium.
 17391 | Snake:2  | Bought a fine arbalest for 237 gold pieces
 17391 | Snake:2  | Identified the +6 arbalest "Gaix" {drain, Int+3 Stlth+}
                  | (You bought it in a shop on level 2 of the Snake Pit)
 17405 | Snake:2  | Found Dail's Jewellery Shop.
 17479 | Snake:2  | Found Itab's Antique Weapon Emporium.
 18148 | Snake:3  | Reached skill level 15 in Fighting
 18168 | Snake:3  | Reached XP level 15. HP: 129/129 MP: 24/24
 18624 | Snake:4  | Entered Level 4 of the Snake Pit
 18708 | Snake:4  | Noticed Vashnia
 18721 | Snake:4  | Reached ****** piety under Qazlal
 18754 | Snake:4  | Killed Vashnia
 19052 | Snake:4  | Found Kiexzisk's Assorted Antiques.
 19052 | Snake:4  | Found Ciap Tic's Assorted Antiques.
 19153 | Snake:4  | Noticed a nagaraja
 19170 | Snake:4  | Killed a nagaraja
 19637 | Snake:4  | Found Ubilesic's Book Shop.
 19804 | Snake:4  | Noticed a nagaraja
 20069 | Snake:4  | Noticed a nagaraja
 20077 | Snake:4  | Killed a nagaraja
 20081 | Snake:4  | Noticed a nagaraja
 20094 | Snake:4  | Killed a nagaraja
 20094 | Snake:4  | Noticed a nagaraja
 20096 | Snake:4  | Reached skill level 16 in Fighting
 20105 | Snake:4  | Killed a nagaraja
 20359 | Snake:4  | Killed a nagaraja
 20493 | Snake:4  | Got a serpentine rune of Zot
 21038 | Shoals:1 | Identified the "Qioruha"
 21038 | Shoals:1 | Entered Level 1 of the Shoals
 21048 | Shoals:1 | Gained mutation: You are mostly covered in slimy green
                  | scales. (AC +3) [demonic ancestry]
 21048 | Shoals:1 | Reached XP level 16. HP: 138/138 MP: 26/26
 21193 | Shoals:1 | Noticed a kraken
 21207 | Shoals:1 | Killed a kraken
 21211 | Shoals:1 | Noticed a kraken
 21231 | Shoals:1 | Killed a kraken
 21505 | Shoals:1 | Noticed Zyonedgh's ghost (adept DsMo)
 21513 | Shoals:1 | Found a transporter.
 21516 | Shoals:1 | Identified the ring of Iwidgh {Ice Will+ Dex+3}
 21517 | Shoals:1 | Found a transporter.
 21518 | Shoals:1 | Identified the +7 flail of Sucsyic {freeze, rF++ Str+3}
 21529 | Shoals:1 | Noticed a kraken
 21538 | Shoals:1 | Killed a kraken
 21873 | Shoals:1 | Noticed a kraken
 23412 | Shoals:3 | Reached skill level 17 in Fighting
 23634 | Shoals:3 | Reached skill level 1 in Evocations
 23679 | Shoals:3 | Gained mutation: You are robust. (+10% HP) [demonic
                  | ancestry]
 23679 | Shoals:3 | Reached XP level 17. HP: 92/161 MP: 27/27
 23972 | Shoals:3 | Noticed a kraken
 23999 | Shoals:3 | Killed a kraken
 24261 | Shoals:4 | Entered Level 4 of the Shoals
 24268 | Shoals:4 | Noticed Polyphemus
 24287 | Shoals:3 | Killed Polyphemus
 25167 | Shoals:4 | Reached skill level 18 in Fighting
 25501 | Shoals:4 | Identified the -1 pair of boots "Qoupn" {rElec}
 25505 | Shoals:4 | Got a barnacled rune of Zot
 25954 | Desolati | Identified the "Veaqe"
 25954 | Desolati | Identified the "Ohoinkos"
 25954 | Crypt:3  | Identified the of Zenomp
 25954 | Depths:3 | Identified the "Saghenk"
 25954 | Elf:1    | Identified the "Fisk"
 25954 | Slime:1  | Entered Level 1 of the Pits of Slime
 26002 | Slime:1  | Gained mutation: You have a pair of large horns on your
                  | head. [demonic ancestry]
 26002 | Slime:1  | Reached XP level 18. HP: 163/172 MP: 28/28
 26009 | Slime:1  | Paralysed by a formless jellyfish for 1 turns
 26016 | Slime:1  | Reached skill level 5 in Evocations
 26391 | Slime:1  | Reached skill level 15 in Axes
 26669 | Slime:2  | Gained mutation: You occasionally lose the ability to read
                  | scrolls when taking damage. [a shining eye]
 26796 | Slime:2  | Gained mutation: You are weak. (Str -2) [a shining eye]
 26799 | Slime:2  | Gained mutation: You sometimes lose your temper in combat.
                  | [a shining eye]
 26800 | Slime:2  | Gained mutation: You are covered in fur. (AC +1) [a shining
                  | eye]
 27235 | Slime:3  | Gained mutation: You are very dopey. (Int -4) [a shining
                  | eye]
 27242 | Slime:3  | Gained mutation: Armour fits poorly on your strangely
                  | shaped body. [a shining eye]
 27244 | Slime:3  | Gained mutation: Your body sometimes deteriorates upon
                  | taking damage. [a shining eye]
 27637 | Slime:4  | Paralysed by a formless jellyfish for 1 turns
 27894 | Slime:5  | Identified the "Xept"
 27894 | Slime:5  | Entered Level 5 of the Pits of Slime
 27924 | Slime:5  | Reached skill level 10 in Shields
 27925 | Slime:5  | Gained mutation: You are very weak. (Str -4) [a shining
                  | eye]
 27926 | Slime:5  | Gained mutation: You have hidden genetic defects. [a
                  | shining eye]
 27928 | Slime:5  | Gained mutation: Your body often deteriorates upon taking
                  | damage. [a shining eye]
 28005 | Slime:5  | Noticed the Royal Jelly
 28728 | Slime:5  | HP: 3/174 [rockslime[the Royal Jelly] (29)]
 28728 | Slime:5  | Demolished by a rockslime

Illustrated notes

Levels and vault maps discovered:
D:1:      heliophobic_arrival_ceremonial_halls, layout_loops_corners
D:2:      layout_basic, minmay_snake_closets, uniq_sigmund
D:3:      layout_loops_corners, hellmonk_ghost_happy_afterlife,
          minmay_misc_feat_ornament
D:4:      layout_basic, minmay_temple_entry_glass, minmay_divided_ellipse
D:5:      layout_basic, kennysheep_big_empty_room, uniq_prince_ribbit1,
          uniq_blork_the_orc
D:6:      layout_loops_cross, ebering_ghost_rock_garden
D:7:      layout_basic, mainiacjoe_overflow_alcove_4,
          mainiacjoe_overflow_cross_hatched, uniq_joseph
D:8:      layout_basic, jmf_multi_god_temple
D:9:      layout_rooms, grunt_temple_overflow_open, due_lair_maze_entry_diamond
D:10:     layout_roguey, uniq_erica
Temple:   eino_temple_rhombus
Lair:1:   layout_loops_ring, nzn_sisyphean_effort
Lair:2:   layout_small_grid, guppyfry_snake_entry_garden, uniq_nergalle
Lair:3:   gammafunk_cloud_chamber, layout_cave_pods, shoals_dummy_entry,
          serial_bayou_shore_a, serial_bayou_shore_b, grunt_megastairs_5
Lair:4:   layout_long_grid, serial_bayou, serial_bayou_lagoon_a,
          serial_bayou_pond_a, serial_bayou_shore_b, serial_bayou_pond_a,
          serial_bayou_pond_b, patterned_corridor
Lair:5:   cheibrodos_lair_end_hotspot, layout_long_grid,
          dpeg_slime_entry_enclosed, uniq_josephine
Shoals:1: nicolae_shoals_lighthouse, layout_shoals, ebering_ghost_davey_jones
Shoals:2: layout_shoals, nicolae_shoals_water_booths
Shoals:3: layout_shoals, nicolae_shoals_pincushion_passage
Shoals:4: shoals_end_hellmonk_holy_island, uniq_polyphemus
Snake:1:  layout_concentric_octagons, uniq_aizul
Snake:2:  layout_grid_maze, serial_shops, nicolae_shop_just_a_little_nook, shop,
          nicolae_shop_tiny_statue_garden, drop_trap
Snake:3:  layout_onion, nicolae_snake_gridmaze_zigzag
Snake:4:  snake_pit, layout_cave_town, serial_shops, nicolae_shop_hallway_plus,
          grunt_megastairs_4, minmay_shoptagon, uniq_vashnia
Slime:1:  layout_caves
Slime:2:  layout_caves, nicolae_slime_barrier, nicolae_slime_phagocytosis
Slime:3:  layout_caves, cheibrodos_slime_lost_civilization_4
Slime:4:  nicolae_slime_jelly_donut, layout_caves
Slime:5:  slime_pit_nicolae_inversion

Skill      XL: |  1  2  3  4  5  6  7  8  9 10 11 12 13 14 15 16 17 18 |
---------------+-------------------------------------------------------+-----
Dodging        | 3 4 5 6 7 8 9 10 11 12 13 | 13.3
Armour         | 1 2 3 4 5 6 7 8 9 10 11 12 13 | 13.2
Polearms       | 3 |  3.0
Fighting       | 3 4 5 6 7 9 11 12 13 15 16 17 18 | 18.9
Axes           | 1 2 3 4 5 6 7 9 10 12 13 14 15 | 15.3
Invocations    | 3 6 8 9 11 12 13 14 | 14.3
Shields        | 2 4 5 7 8 9 10 | 10.1
Evocations     | 1 4 6 |  6.2
Throwing       | |  1.7

Action                     |  1- 3 |  4- 6 |  7- 9 | 10-12 | 13-15 | 16-18 || total
---------------------------+-------+-------+-------+-------+-------+-------++-------
  Melee: Trident           |    77 |       |       |       |       |       ||    77
         Punch             |     1 |       |       |       |       |       ||     1
         Battleaxe         |    45 |   142 |   230 |   285 |       |       ||   702
         Headbutt          |       |       |       |   107 |   172 |   248 ||   527
         Broad axe         |       |       |       |    75 |   671 |   887 ||  1633
         Mace              |       |       |       |    36 |     9 |       ||    45
  Throw: Throwing net      |       |     1 |     2 |       |       |       ||     3
         Dart              |       |       |       |     3 |       |       ||     3
 Invoke: Elemental Force   |       |       |       |     1 |     1 |     1 ||     3
         Upheaval          |       |       |       |       |       |     2 ||     2
  Evoke: Phantom mirror    |       |       |       |       |       |     2 ||     2
         Sack of spiders   |       |       |       |       |       |     1 ||     1
    Use: Scroll            |       |    11 |     6 |    13 |     6 |     2 ||    38
         Potion            |       |       |     2 |       |     7 |     4 ||    13
   Stab: Distracted        |       |       |     1 |     4 |       |       ||     5
         Paralysed         |       |       |       |       |     1 |     3 ||     4
 Armour: Ring mail         |    72 |    33 |       |       |       |       ||   105
         Plate armour      |       |    84 |   154 |   308 |   293 |   510 ||  1349
  Dodge: Dodged            |    73 |    69 |    95 |   245 |   239 |   405 ||  1126
         Repelled          |       |       |       |       |    30 |    10 ||    40
  Block: Other             |    20 |    33 |    43 |    98 |       |       ||   194
         Buckler           |       |       |       |    90 |   207 |       ||   297
         Tower shield      |       |       |       |       |   475 |  1175 ||  1650

Table legend: (Time is in decaauts)
 A = Elapsed time spent in this place.
 B = Non-inter-level travel time spent in this place.
 C = Inter-level travel time spent in this place.
 D = Time resting spent in this place.
 E = Time spent auto-exploring this place.
 F = Levels seen in this place.
 G = Mean time per level.
                   A        B        C        D        E       F      G
               +--------+--------+--------+--------+--------+-----+--------+
         Total |  29110 |  27716 |   1394 |   2737 |  18573 |  29 | 1003.8 |
       Dungeon |   9707 |   9343 |    364 |    453 |   7017 |  10 |  970.7 |
        Temple |     32 |      1 |     31 |      0 |      0 |   1 |   32.0 |
          Lair |   6084 |   5634 |    450 |     93 |   4499 |   5 | 1216.8 |
        Shoals |   4982 |   4722 |    260 |    579 |   2465 |   4 | 1245.5 |
     Snake Pit |   5534 |   5257 |    277 |    789 |   3264 |   4 | 1383.5 |
    Slime Pits |   2768 |   2758 |     10 |    823 |   1327 |   5 |  553.6 |
               +--------+--------+--------+--------+--------+-----+--------+

Top non-repeatable levels by time:
 Snake:4: 1880 daAuts
Shoals:3: 1564 daAuts
  Lair:3: 1541 daAuts
Shoals:1: 1441 daAuts
 Snake:3: 1314 daAuts
  Lair:1: 1260 daAuts
  Lair:2: 1220 daAuts
     D:3: 1212 daAuts
 Snake:2: 1180 daAuts
 Snake:1: 1159 daAuts
  Lair:5: 1146 daAuts
     D:2: 1116 daAuts
     D:5: 1101 daAuts
     D:4: 1067 daAuts
     D:7: 1046 daAuts
